General information
- name: BNet
- type: Ladder team game (AT/RT)
- host: Battle.net
- saver: FolsomBlues
map: DragonFalls
- players: 8
- length: 53:36
- speed: Fast
- version: 1.26 W3XP
- replay type: Public
» download(245 KB)
Players
team 1 (winner)

»
FlintPINstitch (
teal | 42 APM | 1502 actions | 35:31)
5 Demon Hunter
3 Immolation
2 Mana Burn
4 Keeper of the Grove
2 Force of Nature
2 Entangling Roots
» actions
| Assign group hotkey | 20 | |
| Basic commands | 85 | |
| Build / train | 122 | |
| Enter build submenu | 35 | |
| Enter hero's abilities submenu | 9 | |
| Give item / drop item | 3 | |
| Right click | 396 | |
| Select / deselect | 337 | |
| Select group hotkey | 380 | |
| Use ability | 115 | |
1502 total
» units
| Wisp | 46 | |
| Druid of the Talon | 6 | |
| Druid of the Claw | 3 | |
| Faerie Dragon | 6 | |
| Goblin Shredder | 1 | |
| Siege Engine | 8 | |
| Furbolg Shaman | 1 | |
| Chimaera | 3 | |
| Goblin Sapper | 10 | |
84 total
» upgrades
| Druid of the Talon Training | 2 | |
| Strength of the Wild | 3 | |
| Reinforced Hides | 3 | |
| Druid of the Claw Training | 2 | |
| Mark of the Claw | 1 | |
| Mark of the Talon | 1 | |
| Barrage | 2 | |
| Lumber Harvesting | 1 | |
| Corrosive Breath | 1 | |
16 total
» buildings
| Moon Well | 8 | |
| Altar of Elders | 1 | |
| Tree of Ages | 1 | |
| Ancient of Wonders | 2 | |
| Hunter's Hall | 1 | |
| Ancient of Wind | 2 | |
| Ancient Protector | 2 | |
| Tree of Eternity | 1 | |
| Ancient of Lore | 2 | |
| Tree of Life | 4 | |
| Chimaera Roost | 3 | |
| Ancient of War | 3 | |
30 total
» build order
00:35 Moon Well
00:41 Moon Well
01:06 Altar of Elders
01:42 Tree of Ages
01:50 Ancient of Wonders
02:35 Hunter's Hall
02:58 Moon Well
05:46 Ancient of Wind
06:22 Moon Well
07:23 Ancient Protector
08:49 Tree of Eternity
08:56 Ancient of Lore
09:03 Ancient of Wonders
10:03 Ancient Protector
12:14 Ancient of Lore
14:45 Moon Well
14:50 Moon Well
16:52 Ancient of Wind
18:25 Tree of Life
19:44 Tree of Life
19:52 Moon Well
19:58 Chimaera Roost
20:01 Chimaera Roost
20:07 Moon Well
22:02 Chimaera Roost
23:21 Tree of Life
26:24 Tree of Life
26:35 Ancient of War
26:39 Ancient of War
26:42 Ancient of War
» items
| Lesser Clarity Potion | 1 | |
| Rod of Necromancy | 1 | |
| Potion of Healing | 2 | |
| Potion of Mana | 1 | |
| Staff of Teleportation | 1 | |
| Boots of Speed | 1 | |
| Scroll of Town Portal | 2 | |
9 total
FolsomBlues (
orange | 72 APM | 3835 actions | 53:36)
7 Archmage
3 Summon Water Elemental
3 Brilliance Aura
1 Mass Teleport
» actions
| Assign group hotkey | 53 | |
| Basic commands | 272 | |
| Build / train | 132 | |
| ESC pressed | 19 | |
| Enter build submenu | 50 | |
| Enter hero's abilities submenu | 7 | |
| Give item / drop item | 10 | |
| Right click | 1429 | |
| Select / deselect | 794 | |
| Select group hotkey | 891 | |
| Use ability | 178 | |
3835 total
» units
| Peasant | 27 | |
| Footman | 11 | |
| Gryphon Rider | 5 | |
| Dragonhawk Rider | 6 | |
| Goblin Shredder | 1 | |
50 total
» upgrades
| Masonry | 3 | |
| Defend | 1 | |
| Lumber Harvesting | 2 | |
| Swords | 3 | |
| Armor | 3 | |
| Animal War Training | 1 | |
| Storm Hammers | 1 | |
| Cloud | 1 | |
| Gunpowder | 3 | |
| Plating | 3 | |
| Magic Sentry | 1 | |
| Priest Training | 2 | |
| Sorceress Training | 2 | |
| Control Magic | 1 | |
| Long Rifles | 1 | |
| Barrage | 1 | |
| Fragmentation Shards | 1 | |
| Unholy Armor | 1 | |
| Flare | 1 | |
| Flying Machine Bombs | 1 | |
| Flak Cannons | 1 | |
34 total
» buildings
| Altar of Kings | 1 | |
| Farm | 11 | |
| Barracks | 1 | |
| Scout Tower | 18 | |
| Arcane Tower | 5 | |
| Lumber Mill | 1 | |
| Town Hall | 4 | |
| Guard Tower | 11 | |
| Keep | 2 | |
| Arcane Vault | 2 | |
| Blacksmith | 1 | |
| Castle | 2 | |
| Gryphon Aviary | 4 | |
| Arcane Sanctum | 1 | |
| Workshop | 3 | |
67 total
» build order
00:03 Altar of Kings
00:08 Farm
00:21 Barracks
01:26 Farm
01:36 Scout Tower
02:04 Arcane Tower
02:28 Lumber Mill
02:34 Farm
03:35 Town Hall
03:42 Scout Tower
03:48 Scout Tower
04:20 Guard Tower
04:21 Guard Tower
04:40 Farm
05:22 Guard Tower
06:12 Keep
06:24 Arcane Vault
07:06 Scout Tower
07:08 Scout Tower
07:10 Scout Tower
07:34 Blacksmith
07:36 Guard Tower
07:37 Guard Tower
08:24 Scout Tower
08:26 Scout Tower
08:34 Castle
08:39 Gryphon Aviary
08:43 Gryphon Aviary
09:02 Guard Tower
09:04 Guard Tower
14:10 Farm
14:12 Farm
14:17 Farm
14:53 Scout Tower
14:56 Scout Tower
15:05 Gryphon Aviary
15:08 Scout Tower
15:12 Scout Tower
15:13 Scout Tower
15:42 Guard Tower
15:51 Guard Tower
16:05 Guard Tower
16:12 Guard Tower
17:36 Gryphon Aviary
17:41 Farm
19:09 Farm
22:38 Town Hall
22:47 Town Hall
37:15 Arcane Sanctum
37:53 Farm
39:15 Farm
40:36 Keep
41:07 Scout Tower
41:08 Scout Tower
41:09 Scout Tower
41:11 Scout Tower
41:13 Scout Tower
41:39 Arcane Tower
41:40 Arcane Tower
41:40 Arcane Tower
41:55 Arcane Tower
43:29 Workshop
43:33 Workshop
43:37 Workshop
46:28 Town Hall
47:07 Arcane Vault
50:07 Castle
» items
| Staff of Teleportation | 1 | |
| Periapt of Vitality | 6 | |
| Scroll of Town Portal | 8 | |
| Scroll of Regeneration | 3 | |
| Potion of Healing | 2 | |
20 total

»
The_Narc_ (
red | 30 APM | 550 actions | 18:38)
6 Archmage
3 Summon Water Elemental
2 Brilliance Aura
1 Mass Teleport
» actions
| Assign group hotkey | 19 | |
| Basic commands | 86 | |
| Build / train | 35 | |
| Enter build submenu | 15 | |
| Enter hero's abilities submenu | 6 | |
| Right click | 105 | |
| Select / deselect | 148 | |
| Select group hotkey | 103 | |
| Use ability | 33 | |
550 total
» units
» upgrades
| Gunpowder | 3 | |
| Armor | 3 | |
| Long Rifles | 1 | |
7 total
» buildings
| Altar of Kings | 1 | |
| Farm | 12 | |
| Blacksmith | 1 | |
| Barracks | 2 | |
| Keep | 1 | |
| Castle | 1 | |
| Workshop | 1 | |
| Lumber Mill | 1 | |
20 total
» build order
00:08 Altar of Kings
01:21 Farm
01:47 Blacksmith
01:53 Barracks
01:59 Barracks
02:17 Farm
02:48 Farm
02:57 Farm
03:09 Farm
05:33 Farm
05:34 Farm
05:35 Farm
05:36 Farm
07:31 Keep
10:36 Castle
13:02 Farm
13:03 Farm
13:05 Farm
16:40 Workshop
17:37 Lumber Mill

»
Woitexem (
purple | 29 APM | 1037 actions | 36:03)
3 Dreadlord
2 Vampiric Aura
1 Carrion Swarm
» actions
| Basic commands | 46 | |
| Build / train | 48 | |
| Enter build submenu | 28 | |
| Enter hero's abilities submenu | 4 | |
| Right click | 526 | |
| Select / deselect | 338 | |
| Use ability | 47 | |
1037 total
» units
| Acolyte | 10 | |
| Ghoul | 5 | |
| Obsidian Statue | 3 | |
| Crypt Fiend | 2 | |
| Abomination | 1 | |
| Frost Wyrm | 2 | |
| Knight | 1 | |
| Meatwagon | 3 | |
| Mortar Team | 4 | |
31 total
» upgrades
| Cannibalize | 1 | |
| Burrow | 1 | |
| Web | 1 | |
| Unholy Strength | 2 | |
| Creature Attack | 1 | |
| Creature Carapace | 1 | |
| Destroyer Form | 1 | |
| Disease Cloud | 1 | |
| Freezing Breath | 1 | |
| Animal War Training | 1 | |
11 total
» buildings
| Crypt | 2 | |
| Ziggurat | 12 | |
| Altar of Darkness | 1 | |
| Graveyard | 1 | |
| Halls of the Dead | 1 | |
| Slaughterhouse | 2 | |
| Sacrificial Pit | 1 | |
| Tomb of Relics | 1 | |
| Black Citadel | 1 | |
| Boneyard | 2 | |
| Workshop | 2 | |
| Necropolis | 1 | |
27 total
» build order
00:16 Crypt
00:21 Crypt
00:28 Ziggurat
02:52 Altar of Darkness
03:22 Ziggurat
03:31 Graveyard
03:35 Halls of the Dead
05:46 Ziggurat
05:52 Ziggurat
05:57 Ziggurat
06:03 Ziggurat
06:07 Slaughterhouse
06:55 Sacrificial Pit
07:16 Slaughterhouse
07:26 Tomb of Relics
10:24 Black Citadel
12:25 Ziggurat
12:30 Ziggurat
13:40 Boneyard
15:08 Boneyard
16:59 Ziggurat
17:28 Ziggurat
20:48 Workshop
21:41 Ziggurat
22:40 Workshop
26:09 Necropolis
26:14 Ziggurat
team 2 (loser)
mass_attack (
green | 64 APM | 956 actions | 14:55)
3 Goblin Tinker
1 Pocket Factory
1 Cluster Rockets
1 Engineering Upgrade
» actions
| Assign group hotkey | 14 | |
| Build / train | 43 | |
| Enter build submenu | 21 | |
| Enter hero's abilities submenu | 3 | |
| Give item / drop item | 1 | |
| Right click | 448 | |
| Select / deselect | 158 | |
| Select group hotkey | 225 | |
| Use ability | 43 | |
956 total
» units
| Peasant | 8 | |
| Footman | 7 | |
| Mortar Team | 3 | |
18 total
» upgrades
| Defend | 1 | |
| Masonry | 2 | |
| Swords | 1 | |
| Gunpowder | 1 | |
| Lumber Harvesting | 2 | |
| Fragmentation Shards | 1 | |
8 total
» buildings
| Farm | 9 | |
| Barracks | 1 | |
| Altar of Kings | 1 | |
| Scout Tower | 4 | |
| Lumber Mill | 1 | |
| Arcane Vault | 2 | |
| Arcane Tower | 1 | |
| Keep | 1 | |
| Blacksmith | 1 | |
| Castle | 1 | |
| Guard Tower | 3 | |
| Workshop | 2 | |
27 total
» build order
00:09 Farm
00:15 Barracks
00:47 Farm
01:29 Altar of Kings
02:35 Scout Tower
02:40 Lumber Mill
02:52 Arcane Vault
03:04 Arcane Tower
03:24 Farm
03:59 Farm
05:13 Keep
05:43 Blacksmith
06:10 Farm
08:01 Scout Tower
08:25 Castle
08:31 Guard Tower
08:45 Farm
09:13 Scout Tower
09:48 Farm
09:52 Guard Tower
10:31 Farm
10:36 Workshop
10:40 Workshop
10:51 Scout Tower
11:24 Farm
11:57 Guard Tower
12:20 Arcane Vault
» items
| Lesser Clarity Potion | 3 | |
| Boots of Speed | 1 | |
| Scroll of Regeneration | 2 | |
| Potion of Mana | 1 | |
7 total
TheGodExhales (
pink | 40 APM | 2121 actions | 53:36)
» actions
| Assign group hotkey | 41 | |
| Basic commands | 370 | |
| Build / train | 46 | |
| Enter build submenu | 158 | |
| Remove unit from queue | 1 | |
| Right click | 575 | |
| Select / deselect | 402 | |
| Select group hotkey | 251 | |
| Use ability | 277 | |
2121 total
» units
| Peon | 20 | |
| Goblin Shredder | 2 | |
| Troll Batrider | 3 | |
| Green Dragon | 2 | |
| Wind Rider | 6 | |
33 total
» upgrades
| Spiked Barricades | 2 | |
| Reinforced Defenses | 1 | |
| Envenomed Spears | 1 | |
| Ranged Weapons | 3 | |
| Armor | 3 | |
10 total
» buildings
| Orc Burrow | 9 | |
| War Mill | 2 | |
| Watch Tower | 194 | |
| Great Hall | 6 | |
| Stronghold | 1 | |
| Voodoo Lounge | 1 | |
| Altar of Storms | 1 | |
| Fortress | 1 | |
| Beastiary | 4 | |
219 total
» build order
00:28 Orc Burrow
01:33 War Mill
01:36 Orc Burrow
02:45 Watch Tower
03:00 Watch Tower
03:10 Watch Tower
03:10 Watch Tower
03:19 Watch Tower
03:35 Watch Tower
03:40 Watch Tower
03:40 Watch Tower
03:43 Watch Tower
04:07 Watch Tower
04:27 Great Hall
04:36 Great Hall
05:02 Watch Tower
05:03 Watch Tower
05:03 Watch Tower
05:03 Watch Tower
06:06 Stronghold
07:20 Watch Tower
07:22 Watch Tower
07:23 Watch Tower
07:25 Watch Tower
07:28 Watch Tower
07:33 Watch Tower
07:35 Watch Tower
07:36 Watch Tower
07:47 Watch Tower
07:50 Watch Tower
08:53 Orc Burrow
09:44 Voodoo Lounge
09:53 Altar of Storms
10:10 Watch Tower
10:11 Watch Tower
10:12 Watch Tower
10:17 Watch Tower
10:18 Watch Tower
10:19 Watch Tower
10:21 Watch Tower
10:23 Watch Tower
10:24 Watch Tower
10:26 Watch Tower
10:27 Watch Tower
10:29 Watch Tower
10:30 Watch Tower
10:32 Watch Tower
10:33 Watch Tower
10:35 Watch Tower
10:37 Watch Tower
10:38 Watch Tower
10:39 Watch Tower
10:40 Watch Tower
10:41 Watch Tower
10:42 Watch Tower
10:44 Watch Tower
10:44 Watch Tower
10:48 Watch Tower
10:48 Watch Tower
10:50 Watch Tower
10:50 Watch Tower
10:52 Watch Tower
10:53 Watch Tower
10:53 Watch Tower
10:56 Watch Tower
10:57 Watch Tower
11:00 Watch Tower
11:04 Watch Tower
11:05 Watch Tower
11:08 Watch Tower
11:10 Watch Tower
11:12 Watch Tower
11:14 Watch Tower
12:21 Fortress
13:07 Watch Tower
13:07 Watch Tower
13:08 Watch Tower
13:13 Watch Tower
13:13 Watch Tower
13:13 Watch Tower
13:50 Watch Tower
13:50 Watch Tower
13:50 Watch Tower
13:51 Watch Tower
13:52 Watch Tower
13:54 Watch Tower
13:54 Watch Tower
13:55 Watch Tower
13:55 Watch Tower
13:55 Watch Tower
13:56 Watch Tower
14:59 Watch Tower
15:01 Watch Tower
15:01 Watch Tower
15:04 Watch Tower
15:05 Watch Tower
15:07 Watch Tower
15:09 Watch Tower
15:10 Watch Tower
15:11 Watch Tower
15:12 Watch Tower
15:14 Watch Tower
16:10 Watch Tower
16:11 Watch Tower
16:11 Watch Tower
18:36 Watch Tower
18:37 Watch Tower
18:38 Watch Tower
18:38 Watch Tower
18:38 Watch Tower
18:50 Watch Tower
18:51 Watch Tower
18:51 Watch Tower
18:51 Watch Tower
19:07 Watch Tower
19:08 Watch Tower
19:09 Watch Tower
19:11 Watch Tower
19:11 Watch Tower
19:12 Watch Tower
19:13 Watch Tower
19:13 Watch Tower
19:14 Watch Tower
21:42 Watch Tower
21:43 Watch Tower
21:43 Watch Tower
21:43 Watch Tower
21:44 Watch Tower
21:44 Watch Tower
21:45 Watch Tower
21:45 Watch Tower
21:46 Watch Tower
23:59 Watch Tower
23:59 Watch Tower
23:59 Watch Tower
24:00 Watch Tower
24:00 Watch Tower
24:01 Watch Tower
24:02 Watch Tower
24:03 Watch Tower
24:04 Watch Tower
24:12 Beastiary
24:13 Beastiary
24:14 Beastiary
24:18 Beastiary
24:26 Watch Tower
24:27 Watch Tower
24:27 Watch Tower
24:27 Watch Tower
24:29 Watch Tower
24:29 Watch Tower
24:30 Watch Tower
24:30 Watch Tower
24:30 Watch Tower
24:34 Watch Tower
24:34 Watch Tower
24:36 Watch Tower
24:37 Watch Tower
24:56 Orc Burrow
24:57 Orc Burrow
24:59 Orc Burrow
24:59 Orc Burrow
25:02 Orc Burrow
25:08 Orc Burrow
29:14 War Mill
30:29 Watch Tower
30:29 Watch Tower
30:29 Watch Tower
30:30 Watch Tower
30:38 Great Hall
30:42 Great Hall
30:45 Watch Tower
30:45 Watch Tower
30:45 Watch Tower
30:46 Watch Tower
30:47 Watch Tower
30:47 Watch Tower
30:47 Watch Tower
30:48 Watch Tower
30:50 Watch Tower
30:50 Watch Tower
30:50 Watch Tower
30:51 Watch Tower
30:54 Watch Tower
31:01 Watch Tower
31:01 Watch Tower
31:02 Watch Tower
31:03 Watch Tower
31:04 Watch Tower
31:04 Watch Tower
31:05 Watch Tower
31:06 Watch Tower
31:06 Watch Tower
31:09 Watch Tower
32:50 Great Hall
33:03 Watch Tower
33:04 Watch Tower
33:04 Watch Tower
33:05 Watch Tower
33:06 Watch Tower
33:06 Watch Tower
33:08 Watch Tower
33:12 Watch Tower
34:17 Great Hall
34:22 Watch Tower
34:22 Watch Tower
34:23 Watch Tower
34:25 Watch Tower
34:26 Watch Tower
34:27 Watch Tower
34:27 Watch Tower
34:28 Watch Tower
34:30 Watch Tower
34:33 Watch Tower

»
HNContra (
yellow | 18 APM | 877 actions | 48:57)
4 Shadow Hunter
2 Serpent Ward
2 Healing Wave
» actions
| Assign group hotkey | 13 | |
| Build / train | 36 | |
| Enter build submenu | 24 | |
| Enter hero's abilities submenu | 4 | |
| Give item / drop item | 1 | |
| Remove unit from queue | 1 | |
| Right click | 323 | |
| Select / deselect | 332 | |
| Select group hotkey | 94 | |
| Use ability | 49 | |
877 total
» units
» upgrades
| Pillage | 1 | |
| Melee Weapons | 1 | |
| Spiked Barricades | 1 | |
| Armor | 1 | |
| Berserker Strength | 1 | |
5 total
» buildings
| Orc Burrow | 6 | |
| Altar of Storms | 2 | |
| Barracks | 1 | |
| War Mill | 1 | |
| Watch Tower | 6 | |
| Stronghold | 1 | |
| Fortress | 1 | |
| Voodoo Lounge | 1 | |
| Tauren Totem | 1 | |
| Town Hall | 1 | |
21 total
» build order
00:14 Orc Burrow
00:24 Altar of Storms
01:33 Barracks
02:36 Orc Burrow
02:43 Orc Burrow
02:53 War Mill
04:13 Watch Tower
05:41 Orc Burrow
06:04 Stronghold
06:37 Watch Tower
06:43 Watch Tower
06:55 Orc Burrow
08:27 Watch Tower
08:31 Watch Tower
09:05 Fortress
09:37 Watch Tower
09:49 Voodoo Lounge
11:29 Tauren Totem
14:52 Altar of Storms
16:02 Orc Burrow
17:19 Town Hall
» items
| Healing Salve | 1 | |
| Potion of Healing | 1 | |
| Orb of Venom | 1 | |
3 total
WHYdoUquitCraft (
blue | 19 APM | 1004 actions | 53:36)
3 Priestess of the Moon
2 Searing Arrows
1 Trueshot Aura
2 Warden
1 Fan of Knives
1 Shadow Strike
» actions
| Basic commands | 15 | |
| Build / train | 67 | |
| Enter build submenu | 39 | |
| Enter hero's abilities submenu | 5 | |
| Remove unit from queue | 2 | |
| Right click | 413 | |
| Select / deselect | 409 | |
| Use ability | 54 | |
1004 total
» units
| Wisp | 27 | |
| Archer | 2 | |
| Huntress | 8 | |
| Chimaera | 5 | |
| Hippogryph | 2 | |
44 total
» upgrades
| Strength of the Moon | 2 | |
| Moon Armor | 2 | |
| Strength of the Wild | 3 | |
| Nature's Blessing | 1 | |
| Reinforced Hides | 2 | |
| Corrosive Breath | 1 | |
| Well Spring | 1 | |
12 total
» buildings
| Moon Well | 7 | |
| Altar of Elders | 1 | |
| Ancient of War | 1 | |
| Hunter's Hall | 1 | |
| Ancient Protector | 19 | |
| Tree of Ages | 1 | |
| Ancient of Wind | 1 | |
| Tree of Eternity | 1 | |
| Chimaera Roost | 1 | |
| Ancient of Wonders | 1 | |
34 total
» build order
00:09 Moon Well
00:14 Moon Well
00:32 Altar of Elders
01:16 Ancient of War
01:56 Moon Well
02:28 Hunter's Hall
03:10 Moon Well
03:48 Ancient Protector
05:03 Tree of Ages
05:38 Ancient Protector
06:30 Moon Well
06:42 Ancient Protector
07:56 Ancient Protector
08:18 Ancient Protector
09:03 Ancient of Wind
09:14 Ancient Protector
09:26 Ancient Protector
09:46 Ancient Protector
10:43 Ancient Protector
10:53 Ancient Protector
13:33 Tree of Eternity
15:32 Moon Well
15:38 Ancient Protector
15:45 Ancient Protector
16:44 Chimaera Roost
17:25 Ancient Protector
17:59 Ancient of Wonders
20:06 Ancient Protector
20:22 Ancient Protector
24:04 Moon Well
24:23 Ancient Protector
24:30 Ancient Protector
24:35 Ancient Protector
24:57 Ancient Protector
Chat log
(00:22 / Allies) Woitexem: ty
(00:24 / Allies) The_Narc_: rifle?
(00:26 / Allies) FlintPINstitch: cover me
(00:35 / All) FolsomBlues: My mom said never play with guns
(00:38 / All) FolsomBlues: But I shot a man in reno
(00:38 / Allies) The_Narc_: u tower?
(00:40 / All) FolsomBlues: Just to watch him die
(00:55 / Allies) FlintPINstitch: you just discover Mr. Cash?
(01:00 / Allies) FolsomBlues: no
(01:07 / All) TheGodExhales: stop it
(01:19 / All) TheGodExhales: leave him alone already you big bully
(01:28 / All) TheGodExhales: your mom goes to college
(01:36 / All) The_Narc_: I fucked your mom
(01:42 / All) FolsomBlues: My mom is a trans-op man
(01:44 / All) TheGodExhales: No you didn't
(01:45 / All) FolsomBlues: You're into that?
(02:03 / All) FolsomBlues: That's what I thought
(02:13 / All) The_Narc_: how do you whisper
(02:16 / All) FolsomBlues: lol
(02:21 / Allies) FlintPINstitch: backslash dubs
(02:22 / All) FolsomBlues: Alt+QQ is the shortcut for it
(02:39 / Allies) The_Narc_: yeah how do u whisper someone who just whispered you
(02:43 / Allies) FolsomBlues: PRess alt+qq
(02:44 / Allies) FlintPINstitch: backslash r
(02:45 / Allies) FolsomBlues: for the shortcut
(06:41 / Allies) The_Narc_: yeah??
(06:54 / Allies) The_Narc_: WHAT?
(07:03 / Allies) Woitexem: nothing
(07:38 / Allies) The_Narc_: ORANGE
(07:43 / Allies) FolsomBlues: ?
(07:48 / Allies) The_Narc_: COMON
(07:50 / Allies) FolsomBlues: ?
(08:42 / Allies) The_Narc_: lets hit
(08:46 / Allies) FolsomBlues: alright
(08:55 / Allies) FolsomBlues: hit here
(09:01 / Allies) The_Narc_: im level 5 already
(09:15 / Allies) FlintPINstitch: why shop in back purp?
(09:28 / Allies) FlintPINstitch: get tps
(09:31 / Allies) Woitexem: heal red first
(09:36 / Allies) Woitexem: or u loss very units
(09:43 / Allies) Woitexem: u need micro
(09:48 / Allies) The_Narc_: i did micro dumbass
(09:54 / Allies) Woitexem: wait i willmake statues heal
(10:02 / All) Woitexem: ready
(10:06 / All) mass_attack: yes
(10:08 / Allies) FolsomBlues: gj purp faggot
(10:20 / Allies) The_Narc_: OMG
(10:21 / Allies) The_Narc_: defend
(11:01 / Allies) FlintPINstitch: wtf you attack mass towers
(11:05 / Allies) The_Narc_: DEFEND
(11:16 / Allies) FolsomBlues: they would be dead if you spics were faster
(12:08 / All) The_Narc_: i thought ya were ready>
(12:11 / All) TheGodExhales: blue is best
(12:14 / All) TheGodExhales: fear him
(12:25 / All) The_Narc_: nah yellow is
(12:40 / All) mass_attack: pink is totally noob
(12:43 / All) mass_attack: mass towering
(12:48 / All) FolsomBlues: lol
(12:50 / All) TheGodExhales: stop snitching
(12:55 / Allies) FolsomBlues: wood please
(12:56 / All) TheGodExhales: snitches get stitches foo
(13:50 / Allies) The_Narc_: comon purple
(13:53 / Allies) Woitexem: wait
(13:59 / Allies) Woitexem: clearaal
(14:41 / All) mass_attack: SO PINK
(14:49 / All) mass_attack: U GONNA TP NOW WITH ALL YOUR TOWERS?
(14:51 / All) mass_attack: ROFL GL
(14:54 / All) The_Narc_: LMAO
(15:17 / All) FolsomBlues: Don't leave
(15:19 / All) FolsomBlues: It's not over yet
(15:21 / All) The_Narc_: water elements do 50 damage
(15:28 / Allies) The_Narc_: LMAO
(15:32 / Allies) FolsomBlues: ?
(15:37 / Allies) FolsomBlues: The gryphons are chilling mang
(15:39 / Allies) FolsomBlues: Having tea
(15:40 / Allies) The_Narc_: its not over yet? but you got gryphs
(15:48 / Allies) FolsomBlues: Yeah mang, they could have mass gyros
(16:00 / Allies) FolsomBlues: Don't want to bring it in when they could have mass air
(16:10 / Allies) The_Narc_: yeah i know
(16:21 / Allies) The_Narc_: its a secret weapon
(16:27 / All) Woitexem: ahahuhaua look pink towers...
(16:28 / Allies) FlintPINstitch: wtf oj
(16:29 / Allies) FolsomBlues: exactly mang
(16:36 / Allies) The_Narc_: lmao get morts
(16:44 / Allies) The_Narc_: wood?
(16:56 / Allies) FolsomBlues: i'm getting wood from the tower
(17:53 / All) The_Narc_: OMG u making this too log
(17:56 / All) The_Narc_: long*
(18:38 / All) FolsomBlues: Dial-up clown
(19:17 / Allies) Woitexem: orange make smoke birds
(19:21 / Allies) FolsomBlues: "smoke birds?"
(19:22 / Allies) Woitexem: and let's wn fast
(19:40 / Allies) FolsomBlues: I need lvl 6 before I do anything
(20:31 / All) Woitexem: huhuhuhaaa spy funny
(20:45 / Allies) Woitexem: stop tk buceta
(20:59 / Allies) Woitexem: filho da puta para dematar red
(21:02 / All) TheGodExhales: Heroes are for zeroes
(21:15 / Allies) Woitexem: ? free xp mitha fucker why?
(21:21 / Allies) Woitexem: we lost bye
(22:26 / Allies) FolsomBlues: coming purp
(22:27 / Allies) FolsomBlues: lets hit
(22:33 / Allies) Woitexem: why u killed red?
(22:36 / Allies) FolsomBlues: i didnt
(23:05 / Allies) Woitexem: orange noob make smoke birds mtha fucker
(23:22 / Allies) Woitexem: why u team kll
(23:31 / All) FlintPINstitch: Fucking faggot
(24:00 / Allies) Woitexem: why orange fucked me?
(24:13 / All) FlintPINstitch: orange is a d-bag his family hates him
(24:54 / Allies) Woitexem: please play for win
(24:57 / Allies) Woitexem: easy game stupid
(25:01 / Allies) Woitexem: stop team kill
(25:38 / Allies) FlintPINstitch: win the game already homo
(25:38 / Allies) Woitexem: orange u gay?
(25:40 / All) Woitexem: Gg
(27:21 / Allies) Woitexem: we lsot cause u orange play or leave motha fucker
(27:24 / Allies) FolsomBlues: good
(27:27 / Allies) FolsomBlues: Are you brazilian?
(27:29 / All) FlintPINstitch: orange is noob
(27:31 / Allies) FolsomBlues: You seem like a faggot
(30:17 / All) FlintPINstitch: Play the game you faggot
(30:26 / All) FolsomBlues: I am
(30:30 / All) FolsomBlues: Just not the way you like
(30:34 / All) Woitexem: leave orange viadinho
(30:55 / All) FlintPINstitch: you're a fucking faggot, I hope you realize that? this coulda been over twn minutes ago
(31:07 / All) FolsomBlues: Yeah if I stabbed sooner
(31:43 / All) FlintPINstitch: well @ least your family and everyone else around you knows you're a faggot fuck
(31:50 / All) FolsomBlues: lol
(32:28 / All) FolsomBlues: How does it feel to be so angry over a video game?
(32:55 / All) FlintPINstitch: whos angry? you're just another fucking idiot on b-net
(33:11 / All) FolsomBlues: I haven't said anything angry all game. You have done nothing but swear and rage
(33:16 / All) FolsomBlues: Take a deep breath
(33:18 / All) FolsomBlues: Count to 10
(33:32 / All) FlintPINstitch: all I said was you were a fucking idiot tardfuck
(33:46 / All) FolsomBlues: Oh I see
(34:20 / All) TheGodExhales: cost effective
(34:38 / All) Woitexem: come on blue let's kill hes team killer
(34:40 / All) Woitexem: fucke he
(34:41 / All) FolsomBlues: lol
(34:45 / All) FolsomBlues: Pink is on my team brah
(35:04 / All) FlintPINstitch: lol oj gonna lose now
(35:06 / All) FolsomBlues: He is a bro, just towering the other side and let me do his work
(35:09 / All) FolsomBlues: I should AT with him
(35:19 / All) FolsomBlues: I am 0-0. I do not care
(35:38 / All) FolsomBlues: Aww, teal was mad
(35:54 / All) FolsomBlues: He altqqed too, whispers don't work
(35:54 / All) Woitexem: gg
(35:59 / All) Woitexem: orange fucked team
(36:01 / All) FolsomBlues: GG Gtfo
(36:16 / All) FolsomBlues: I cleaned out the trash. Now what say you?
(37:47 / All) TheGodExhales: My bats eat too much
(39:21 / All) TheGodExhales: It's coming along nicely
(39:26 / All) FolsomBlues: Good
(39:36 / All) TheGodExhales: I'm sure you could
(39:46 / All) FolsomBlues: I never creeped my lvl 1 green camp. I just went straight for the expo and it is still there
(39:47 / All) FolsomBlues: Fun times
(39:48 / All) TheGodExhales: I think it is allowed within the parameters of the game
(40:53 / All) FolsomBlues: On my way
(41:35 / All) FolsomBlues: Purple has 1 food somewhere, probably a shade or some shit
(41:50 / All) FolsomBlues: sup Mr. Tree
(42:08 / All) TheGodExhales: Yeah, I like to think it works like a charm!
(42:19 / All) FolsomBlues: My chat was decent I think, what about yours?
(42:35 / All) FolsomBlues: You can kill my AM once, I shall let you. I have an ankh.
(43:47 / All) TheGodExhales: yeah the devil's got a pitchfork but I got a gun
(45:05 / All) FolsomBlues: I just realised I have no wood. How unfortutious
(48:39 / All) TheGodExhales: Well guys
(48:44 / All) TheGodExhales: This doesn't look good
(48:48 / All) TheGodExhales: I'm bleeding buildings!
(49:16 / All) FolsomBlues: How angry are they right now?
(49:20 / All) FolsomBlues: I bet they are fucking angry
(49:30 / All) TheGodExhales: They're giving me the silent treatment
(49:38 / All) TheGodExhales: I killed his hero like 5 minutes ago
(49:43 / All) FolsomBlues: They are still here. They will watch until the end
(49:45 / All) TheGodExhales: without comment or resistance
(49:50 / All) FolsomBlues: If my allies were still here it could be a standoff
(49:51 / All) TheGodExhales: Yellwo just now left
(50:30 / All) FolsomBlues: You can leave, blue. You have our permission.
(50:32 / All) TheGodExhales: blue is moving yellow's peon
(50:40 / All) TheGodExhales: I think he is going to suicide it
(50:50 / All) TheGodExhales: YEh
(50:54 / All) TheGodExhales: Interesting...
(51:53 / All) TheGodExhales: Blue, lesson learned: Kale #1 vegetable
(52:04 / All) FolsomBlues: Did that faggot insult Kale?
(52:18 / All) FolsomBlues: Given the typical WC3 player's reading comprehension, maybe he thought you meant Kael
(52:25 / All) TheGodExhales: nay, not even he would be so foolish as to insult the greatest vegetable on God's green Earth
(52:44 / All) TheGodExhales: Well blue
(52:47 / All) TheGodExhales: You lose man
(52:51 / All) FolsomBlues: Goodbye, blue.
(52:52 / All) FolsomBlues: RIP
(52:55 / All) TheGodExhales: 5 hps away from your defeat
(52:57 / All) FolsomBlues: Any last words?
(52:59 / All) TheGodExhales: any last words?
(53:11 / All) TheGodExhales: 10
(53:13 / All) TheGodExhales: 9
(53:14 / All) TheGodExhales: 8
(53:16 / All) TheGodExhales: 7
(53:17 / All) TheGodExhales: 6
(53:18 / All) TheGodExhales: 5
(53:19 / All) TheGodExhales: 4
(53:20 / All) TheGodExhales: 3
(53:21 / All) TheGodExhales: 2
(53:23 / All) TheGodExhales: 1
(53:23 / All) FolsomBlues: What a shame.
(53:26 / All) TheGodExhales: Goodbye.
(53:27 / All) FolsomBlues: Goodbye.
(53:31 / All) TheGodExhales: YOU ARE THE WEAKEST LINK, GOODBYE
(53:32 / All) FolsomBlues: Farewell.